 Dungeon Crawl Stone Soup version 0.21.1-1-g345015fe64 (webtiles) character file.

65 Mrkan the Shield-Bearer (level 4, -1/28 HPs)
             Began as a Gargoyle Fighter on May 4, 2018.
             Slain by Terence
             ... wielding a +0 flail
              (7 damage)
             ... on level 1 of the Dungeon.
             The game lasted 00:03:20 (1019 turns).

Mrkan the Shield-Bearer (Gargoyle Fighter)          Turns: 1019, Time: 00:03:21

Health: -1/28      AC: 10    Str: 20    XL:     4   Next: 13%
Magic:  4/4        EV:  7    Int:  9    God:
Gold:   67         SH:  9    Dex:  9    Spells: 3/3 levels left

rFire    . . .     SeeInvis .   a - +0 flail
rCold    . . .     Gourm    .   c - +0 shield
rNeg     + . .     Faith    .   b - +0 scale mail
rPois    ∞         Spirit   .   (no helmet)
rElec    +         Reflect  .   (no cloak)
rCorr    .         Harm     .   (no gloves)
MR       .....                  (no boots)
Stlth    ..........             (no amulet)
HPRegen  0.09/turn              (no ring)
MPRegen  0.09/turn              (no ring)

@: no status effects
A: negative energy resistance 1, electricity resistance, unbreathing,
petrification resistance, rot immunity, AC +3
a: no special abilities


You were on level 1 of the Dungeon.
You were hungry.

You visited 1 branch of the dungeon, and saw 2 of its levels.

You collected 67 gold pieces.

Inventory:

Hand Weapons
 a - a +0 flail (weapon)
Armour
 b - a +0 scale mail (worn)
 c - a +0 shield (worn)
Jewellery
 e - a +3 ring of dexterity {unknown}
 h - an uncursed ring of magical power {unknown}
Scrolls
 i - a scroll of amnesia {unknown}
 j - 3 scrolls of remove curse {unknown}
 k - a scroll of blinking {unknown}
 l - 2 scrolls of teleportation {unknown}
 n - a scroll of identify {unknown}
 o - a scroll of enchant weapon {unknown}
 q - a scroll of random uselessness {unknown}
Potions
 d - a potion of might
 m - a potion of curing {unknown}
Comestibles
 f - a ration


   Skills:
 + Level 3.6 Fighting
 + Level 2.8 Maces & Flails
 + Level 3.7 Armour
 + Level 0.2 Dodging
 + Level 4.0 Shields


You had 3 spell levels left.
You didn't know any spells.

Dungeon Overview and Level Annotations

Branches:
Dungeon (2/15)

Altars:

Annotations:
D:1 Terence


Innate Abilities, Weirdness & Mutations

You are resistant to torment.
Your stone body is resilient. (AC +3)
You are immune to poison.
You resist negative energy. (rN+)
You are resistant to electric shocks. (rElec)
You can survive without breathing.
You are immune to petrification.
You are immune to rotting.


Message History

You climb upwards.
There is a stone staircase leading down here.
Terence hits you with a flail.
* * * LOW HITPOINT WARNING * * *
You see here 14 poisoned needles.
Terence zaps a wand.
Some rock shatters into small pieces.
You feel a little less clever now.
You are feeling hungry.
Terence zaps a wand.
You hear a grinding noise.
Terence zaps a wand.
Some rock shatters into small pieces.
Terence says, "Did you write a will?
You should..."
You block Terence's attack.
You hit Terence but do no damage.
Terence is lightly wounded.
Terence hits you but does no damage.
You hit Terence.
Terence is moderately wounded.
Terence hits you with a flail!
You die...

#.# ##....# #########÷# #..#..#
........#.# ##.##.# #######.#.#
#..#.# #.#.# #.#..### #.#.#
#.##.#.###### #.#.####
#.##..#.....# #.#.##.#
#@##.#.#....###### #######.#....#
#@##..............
......#.####.###.######....######
...................>............#
#####.#.####.###..#####.....###.#
# #.#........#..##........(...#
#####.######.#.#..##.#########'##
.............#.#..##.# #.......
#####.####.#.#.#..##.# #.......
#.#..#.#...#..##.# #..⌠...⌠


You could see Terence.

Vanquished Creatures
  A bullfrog skeleton (D:2)
  An adder (D:2)
  2 dart slugs (D:1)
  A leopard gecko (D:1)
  2 giant cockroaches (D:1)
  3 goblins (D:1)
  2 hobgoblins (D:1)
  A ball python (D:2)
  A bat (D:1)
  5 kobolds
  5 rats
24 creatures vanquished.

Notes
Turn   | Place    | Note
-------+----------+-------------------------------------------
     0 | D:1      | Mrkan the Gargoyle Fighter began the quest for the Orb.
     0 | D:1      | Reached XP level 1. HP: 14/14 MP: 1/1
   134 | D:1      | Reached XP level 2. HP: 19/19 MP: 2/2
   702 | D:1      | Reached XP level 3. HP: 23/23 MP: 3/3
   860 | D:2      | Reached skill level 4 in Shields
   860 | D:2      | Reached XP level 4. HP: 3/28 MP: 4/4
   930 | D:2      | Noticed Terence
   935 | D:2      | HP: 1/28 [rat (2)]
  1019 | D:1      | Slain by Terence

Skill      XL: |  1  2  3 |
---------------+----------+-----
Shields        | 4 |  4.0
Fighting       | |  3.6
Maces & Flails | |  2.8
Armour         | |  3.7
Dodging        | |  0.2

Action                   |  1- 3 |  4- 6 || total
-------------------------+-------+-------++-------
Melee: Flail             |    89 |    15 ||   104
  Use: Potion            |       |     1 ||     1
Armor: Scale mail        |    57 |    16 ||    73
Dodge: Dodged            |    36 |    11 ||    47
Block: Shield            |    68 |    26 ||    94
